AoeStats
← Professor6899

Arena

506162403Analyzed
4v4 RM · 19d ago on Sep 12, 2026· 45m 7s· 8 players
Game mode
Random Map
Map size
Large (8 player)
Population
200
Speed
Normal
Resources
Standard
Victory
Conquest
Starting age
Dark Age
Ending age
Imperial Age
RankedLock teamsTeams togetherTeam positionsShared explorationLock speedFull tech treeHidden civsTurbo modeCheats
Victory
Defeat
🇹🇼 Wei · Taiwan
1129
+15
🇹🇼 Poles · Taiwan
1127
+15
🇹🇼 Britons · Taiwan
1083
+17
🇹🇼 Khmer · Taiwan
1040
+20
🇮🇳 Inca · India
1143
-18
🇮🇳 Persians · India
1136
-18
🇮🇳 Franks · India
1108
-17
🇮🇳 Vikings · India
1054
-14
Andre114514
3:48 Loom
8:53 Feudal Age
9:26 Double-Bit Axe
9:22 Horse Collar
14:25 Wheelbarrow
16:55 Castle Age
17:05 Fletching
18:28 Bow Saw
18:20 Heavy Plow
20:31 Gold Mining
20:31 Stone Mining
21:30 Town Watch
24:00 Hand Cart
26:58 Stone Mining
30:25 Imperial Age
27:44 Loom
28:18 Scale Barding Armor
28:24 Forging
28:57 Bloodlines
28:48 Husbandry
31:03 Chain Barding Armor
31:19 Iron Casting
30:52 Tuntian
31:40 Gold Shaft Mining
30:59 Heavy Hei Guang Cavalry
32:16 Ming Guang Armor
34:41 Blast Furnace
36:04 Chemistry
35:14 Masonry
38:17 Bodkin Arrow
39:43 Scale Mail Armor
39:06 Pikeman
39:46 Squires
40:59 Halberdier
mikufish01
10:48 Feudal Age
14:30 Castle Age
12:55 Double-Bit Axe
14:00 Horse Collar
16:33 Bow Saw
19:36 Bow Saw
22:44 Wheelbarrow
22:57 Heavy Plow
29:01 Imperial Age
26:19 Loom
31:10 Chemistry
30:35 Ballistics
31:23 Scale Barding Armor
31:51 Forging
32:13 Hand Cart
34:53 Chain Barding Armor
34:25 Fletching
35:12 Iron Casting
36:58 Elite Ballista Elephant
37:33 Pikeman
38:40 Scale Mail Armor
39:16 Plate Barding Armor
39:45 Blast Furnace
39:53 Halberdier
44:56 Double Crossbow
u990221
9:04 Feudal Age
10:30 Double-Bit Axe
12:07 Loom
15:44 Fletching
22:14 Castle Age
20:13 Horse Collar
26:02 Wheelbarrow
25:43 Bow Saw
28:14 Bloodlines
28:04 Husbandry
28:44 Gold Mining
29:51 Hand Cart
29:38 Heavy Plow
33:07 Szlachta Privileges
35:58 Imperial Age
33:28 Town Watch
33:50 Scale Barding Armor
34:39 Forging
36:05 Chain Barding Armor
36:21 Iron Casting
36:56 Cavalier
39:18 Blast Furnace
39:05 Crop Rotation
44:43 Conscription
45:12 Lechitic Legacy
44:44 Light Cavalry
a1952972
10:28 Feudal Age
14:30 Castle Age
13:24 Double-Bit Axe
13:25 Horse Collar
15:56 Bow Saw
15:51 Heavy Plow
21:17 Wheelbarrow
22:13 Hand Cart
23:31 Gold Mining
23:34 Stone Mining
25:18 Gold Shaft Mining
29:00 Imperial Age
27:26 Squires
27:12 Gambesons
27:48 Padded Archer Armor
27:38 Fletching
27:28 Pikeman
28:57 Leather Archer Armor
28:40 Crossbowman
29:33 Bodkin Arrow
30:31 Scale Mail Armor
31:35 Halberdier
32:38 Arbalester
33:53 Ballistics
34:36 Chemistry
34:51 Chain Mail Armor
34:46 Forging
34:37 Bracer
35:02 Yeomen
36:02 Warwolf
36:22 Conscription
unspokenspecter
10:52 Feudal Age
11:33 Loom
13:22 Fletching
18:44 Castle Age
18:07 Scale Mail Armor
18:59 Arson
18:47 Champi Runner
19:28 Squires
19:47 Chain Mail Armor
20:46 Champi Warrior
27:19 Double-Bit Axe
27:23 Horse Collar
31:12 Wheelbarrow
30:47 Squires
33:08 Gold Mining
33:31 Bow Saw
33:23 Heavy Plow
33:23 Town Watch
33:54 Hand Cart
37:29 Imperial Age
Professor6899
9:17 Loom
12:01 Feudal Age
16:43 Castle Age
14:41 Double-Bit Axe
15:09 Horse Collar
19:05 Gold Mining
21:06 Fletching
23:08 Town Watch
22:55 Crossbowman
22:58 Elite Skirmisher
28:41 Ballistics
28:28 Squires
28:24 Arson
28:25 Gambesons
28:00 Man-at-Arms
29:15 Chieftains
29:38 Long Swordsman
34:23 Imperial Age
32:33 Forging
32:24 Scale Mail Armor
32:24 Padded Archer Armor
33:34 Pikeman
35:12 Iron Casting
34:52 Chain Mail Armor
35:59 Conscription
37:09 Bodkin Arrow
37:50 Two-Handed Swordsman
40:02 Blast Furnace
40:21 Plate Mail Armor
41:20 Champion
haru
10:09 Feudal Age
10:45 Double-Bit Axe
10:45 Horse Collar
13:41 Wheelbarrow
12:52 Loom
17:43 Castle Age
15:51 Gold Mining
16:11 Scale Barding Armor
17:26 Forging
18:50 Chain Barding Armor
21:06 Bow Saw
23:39 Bloodlines
25:28 Heavy Plow
27:17 Husbandry
29:51 Hand Cart
29:21 Town Watch
33:55 Imperial Age
32:25 Town Patrol
33:06 Iron Casting
35:23 Two-Man Saw
34:55 Crop Rotation
35:03 Gold Shaft Mining
34:19 Stone Mining
34:57 Conscription
34:36 Cavalier
37:08 Stone Shaft Mining
37:10 Plate Barding Armor
37:36 Blast Furnace
36:24 Savar
V2 ツ
5:30 Loom
11:23 Feudal Age
15:06 Castle Age
13:02 Double-Bit Axe
16:52 Bow Saw
24:42 Wheelbarrow
24:42 Forging
24:37 Scale Barding Armor
26:38 Gold Mining
28:09 Iron Casting
27:54 Chain Barding Armor
30:29 Imperial Age
28:25 Hand Cart
28:38 Husbandry
30:03 Gold Shaft Mining
30:04 Stone Mining
30:34 Cavalier
32:18 Blast Furnace
33:04 Paladin
35:31 Plate Barding Armor
35:36 Conscription
Connection lost

Rejoining the realm…

Still unreachable

The connection could not be restored.

Session expired

The server has moved on; the page needs a fresh start.